 Dungeon Sprint DCSS version 0.26-a0-667-g92642533e4 (webtiles) character file.

Game seed: 15697629484319806919

6022 mhtbhm the Eclecticist (level 10, -15/54 HPs)
             Began as a Deep Elf Earth Elementalist on Oct 16, 2020.
             Was a High Priest of Vehumet.
             Demolished by a dire elephant (33 damage)
             ... in the Dungeon (Sprint IX: "|||||||||||||||||||||||||||||").
             The game lasted 00:06:38 (2319 turns).

mhtbhm the Eclecticist (DEEE)                       Turns: 2319, Time: 00:06:40

Health: -15/54     AC:  7    Str:  5    XL:     10   Next: 56%
Magic:  6/36       EV: 14    Int: 30    God:    Vehumet [*****.]
Gold:   13         SH:  0    Dex: 15    Spells: 25/49 levels left

rFire    . . .     SeeInvis .   q - +2 rapier (drain)
rCold    + . .     Faith    .   (no shield)
rNeg     . . .     Spirit   .   c - +2 leather armour {rC+}
rPois    .         Reflect  .   (no helmet)
rElec    .         Harm     .   p - +0 cloak
rCorr    .         Rampage  .   o - +0 pair of gloves
MR       +....     NoTele   +   (no boots)
Stlth    +++.......             (no amulet)
HPRegen  0.18/turn              m - +3 ring of intelligence
MPRegen  0.25/turn              n - +3 ring of intelligence

@: no status effects
A: no striking features
a: Renounce Religion


You were in the Dungeon.
You worshipped Vehumet.
Vehumet was extremely pleased with you.
You visited 1 branch You collected 13 gold pieces.

Inventory:

Hand Weapons
 q - a +2 rapier of draining (weapon)
Armour
 c - a +2 leather armour of cold resistance (worn)
 o - a +0 pair of gloves (worn)
 p - a +0 cloak (worn)
Jewellery
 m - a +3 ring of intelligence (left hand)
 n - a +3 ring of intelligence (right hand)
Wands
 l - a wand of iceblast (10)
Scrolls
 b - a scroll of identify
 d - 6 scrolls of enchant armour
 i - 3 scrolls of blinking
 j - 3 scrolls of remove curse
 k - 2 scrolls of amnesia
 r - 2 scrolls of enchant weapon
Potions
 a - 2 potions of heal wounds
 e - 3 potions of curing
 f - 3 potions of haste
 g - 3 potions of magic
 h - 2 potions of berserk rage


   Skills:
 + Level 2.5 Fighting
 + Level 2.4 Armour
 + Level 5.9 Dodging
 + Level 6.2 Stealth
 + Level 20.1 Spellcasting
 + Level 2.5 Conjurations
 + Level 3.1 Hexes
 + Level 5.5 Transmutations
 + Level 1.9 Fire Magic
 + Level 16.9 Earth Magic


You had 25 spell levels left.
You knew the following spells:

 Your Spells              Type           Power        Failure   Level
a - Sandblast             Erth           ######       0%          1
b - Passwall              Tmut/Erth      #######.     1%          2
c - Stone Arrow           Conj/Erth      ######       1%          3
d - Lee's Rapid Deconstr  Erth           #######...   1%          5
e - Petrify               Tmut/Erth      #######.     1%          4
f - Inner Flame           Hex/Fire       #####...     1%          3
g - Freezing Cloud        Conj/Ice/Air   #####.....   45%         6

Your spell library contained the following spells:

 Spells                   Type           Power        Failure   Level
 Irradiate                Conj/Tmut      ######....   3%          5


Dungeon Overview and Level Annotations

Branches:
Dungeon (1/1)

Altars:
Cheibriados
Dithmenos
Elyvilon
Fedhas
Gozag
Hepliaklqana
Kikubaaqudgha
Makhleb
Nemelex Xobeh
Okawaru
Qazlal
Ru
Sif Muna
Trog
Uskayaw
Vehumet
Wu Jian
Xom
Yredelemnul
Zin
The Shining One
Beogh
Jiyva
Lugonu


Message History

Casting: Stone Arrow (safe; 1% risk of failure)
Confirm with . or Enter, or press ? or * to list all spells.
Aiming: Stone Arrow (safe; 1% risk of failure)
Press: ? - help, Shift-Dir - straight line, f/p - dire elephant
Aim: a dire elephant (almost dead)
The stone arrow hits the dire elephant!
The dire elephant is almost dead.
The dire elephant completely misses you.
The dire elephant closely misses you.
Unknown command.
Casting: Stone Arrow (safe; 1% risk of failure)
Confirm with . or Enter, or press ? or * to list all spells.
Aiming: Stone Arrow (safe; 1% risk of failure)
Press: ? - help, Shift-Dir - straight line, f/p - dire elephant
Aim: a dire elephant (almost dead)
The stone arrow hits the dire elephant!
The dire elephant is almost dead.
The dire elephant tramples you!!
Ouch! That really hurt!
You die...

▓▓▓▓▓▓▓▓▓▓▓▓▓▓▓▓▓▓▓▓▓▓▓▓▓▓▓▓▓▓▓▓▓
.....[....'.....@Y..'......†..'..
▓▓▓▓▓▓▓▓▓▓▓▓▓▓▓▓▓▓▓▓▓▓▓▓▓▓▓▓▓▓▓▓▓
.................................
▓▓▓▓▓▓▓▓▓▓▓▓▓▓▓▓▓▓▓▓▓▓▓▓▓▓▓▓▓▓▓▓▓
.....'________________________').
▓▓▓▓▓▓▓▓▓▓▓▓▓▓▓▓▓▓▓▓▓▓▓▓▓▓▓▓▓▓▓▓▓


You could see a dire elephant.

Vanquished Creatures
  A boulder beetle (D)
  5 elephants (D)
  A torpor snail (D)
  3 komodo dragons (D)
  2 cane toads (D)
  A polar bear (D)
  A hornet (D)
  2 yaks (D)
  3 water moccasins (D)
  A soldier ant (D)
  An orc warrior (D)
  An ice beast (D)
  A sky beast (D)
  2 centaurs (D)
  6 bullfrogs (D)
  A howler monkey (D)
  A jelly (D)
  An iguana (D)
  A hell rat (D)
  An adder (D)
  A white imp (D)
  2 adder skeletons (D)
  A bat skeleton (D)
  2 goblins (D)
  A hobgoblin (D)
  2 kobolds (D)
45 creatures vanquished.

Notes
Turn   | Place    | Note
-------+----------+-------------------------------------------
     0 | D        | mhtbhm the Deep Elf Earth Elementalist began the quest for
                  | the Orb.
     0 | D        | Reached XP level 1. HP: 10/10 MP: 6/6
   101 | D        | Noticed an iguana
   103 | D        | Reached skill level 5 in Earth Magic
   103 | D        | Reached XP level 2. HP: 15/15 MP: 5/8
   108 | D        | Reached skill level 4 in Spellcasting
   123 | D        | Reached skill level 5 in Spellcasting
   123 | D        | Reached XP level 3. HP: 19/19 MP: 9/12
   141 | D        | Found a roughly hewn altar of Beogh.
   141 | D        | Found a snail-covered altar of Cheibriados.
   141 | D        | Found a shadowy altar of Dithmenos.
   141 | D        | Found a white marble altar of Elyvilon.
   141 | D        | Found a blossoming altar of Fedhas.
   141 | D        | Found an opulent altar of Gozag.
   142 | D        | Found a hazy altar of Hepliaklqana.
   143 | D        | Found a viscous altar of Jiyva.
   144 | D        | Found an ancient bone altar of Kikubaaqudgha.
   145 | D        | Found a corrupted altar of Lugonu.
   146 | D        | Found a burning altar of Makhleb.
   147 | D        | Found a sparkling altar of Nemelex Xobeh.
   148 | D        | Found an iron altar of Okawaru.
   149 | D        | Found a stormy altar of Qazlal.
   150 | D        | Found a sacrificial altar of Ru.
   151 | D        | Found a shimmering blue altar of Sif Muna.
   152 | D        | Found a bloodstained altar of Trog.
   153 | D        | Found a hide-covered altar of Uskayaw.
   154 | D        | Found a radiant altar of Vehumet.
   155 | D        | Found an ornate altar of the Wu Jian Council.
   156 | D        | Found a shimmering altar of Xom.
   157 | D        | Found a basalt altar of Yredelemnul.
   158 | D        | Found a glowing silver altar of Zin.
   159 | D        | Found a glowing golden altar of the Shining One.
   162 | D        | Became a worshipper of Vehumet
   205 | D        | Learned a level 2 spell: Passwall
   209 | D        | Learned a level 3 spell: Stone Arrow
   221 | D        | Noticed an ice beast
   221 | D        | Noticed a hornet
   221 | D        | Noticed an orc warrior
   221 | D        | Noticed a sky beast
   221 | D        | Noticed a centaur
   227 | D        | Killed an ice beast
   227 | D        | Reached skill level 8 in Spellcasting
   227 | D        | Reached XP level 4. HP: 24/24 MP: 8/16
   227 | D        | Reached XP level 5. HP: 28/28 MP: 8/17
   230 | D        | Paralysed by a hornet for 1 turns
   235 | D        | Paralysed by a hornet for 2 turns
   236 | D        | HP: 1/28 [poisoned by a hornet]
   239 | D        | Killed a hornet
   239 | D        | Reached skill level 1 in Fighting
   239 | D        | Reached skill level 11 in Spellcasting
   239 | D        | Reached skill level 10 in Earth Magic
   239 | D        | Reached XP level 6. HP: 33/34 MP: 6/22
   240 | D        | Reached * piety under Vehumet
   240 | D        | Offered knowledge of Magic Dart by Vehumet.
   243 | D        | Killed an orc warrior
   243 | D        | Reached skill level 12 in Spellcasting
   353 | D        | Killed a sky beast
   361 | D        | Learned a level 5 spell: Lee's Rapid Deconstruction
   366 | D        | Learned a level 4 spell: Petrify
   439 | D        | Offered knowledge of Shock by Vehumet.
   439 | D        | Reached ** piety under Vehumet
   439 | D        | Reached skill level 5 in Dodging
   439 | D        | Reached XP level 7. HP: 24/40 MP: 21/25
   560 | D        | Noticed a komodo dragon
   563 | D        | Reached skill level 13 in Spellcasting
   737 | D        | Killed a komodo dragon
   737 | D        | Reached skill level 14 in Spellcasting
   928 | D        | Offered knowledge of Inner Flame by Vehumet.
   928 | D        | Reached XP level 8. HP: 45/45 MP: 24/28
   933 | D        | Learned a level 3 spell: Inner Flame
   954 | D        | Reached skill level 1 in Conjurations
   968 | D        | Reached *** piety under Vehumet
  1155 | D        | Noticed a cane toad
  1155 | D        | Noticed a cane toad
  1155 | D        | Noticed a polar bear
  1165 | D        | Killed a cane toad
  1165 | D        | Offered knowledge of Hailstorm by Vehumet.
  1165 | D        | Reached skill level 5 in Stealth
  1165 | D        | Reached skill level 15 in Spellcasting
  1166 | D        | Killed a cane toad
  1166 | D        | Reached **** piety under Vehumet
  1166 | D        | Reached skill level 1 in Hexes
  1167 | D        | Reached skill level 16 in Spellcasting
  1170 | D        | Reached XP level 9. HP: 37/49 MP: 0/31
  1314 | D        | Killed a polar bear
  1314 | D        | Reached skill level 1 in Fire Magic
  1355 | D        | Offered knowledge of Ignite Poison by Vehumet.
  1355 | D        | Reached ***** piety under Vehumet
  1385 | D        | Noticed a komodo dragon
  1391 | D        | Killed a komodo dragon
  1391 | D        | Reached skill level 1 in Armour
  1391 | D        | Reached skill level 17 in Spellcasting
  1457 | D        | Noticed a torpor snail
  1457 | D        | Noticed a komodo dragon
  1458 | D        | Noticed a boulder beetle
  1465 | D        | Reached skill level 15 in Earth Magic
  1466 | D        | Killed a torpor snail
  1703 | D        | Killed a komodo dragon
  1703 | D        | Offered knowledge of Freezing Cloud by Vehumet.
  1703 | D        | Reached skill level 18 in Spellcasting
  1711 | D        | Killed a boulder beetle
  1711 | D        | Reached skill level 5 in Transmutations
  1711 | D        | Reached XP level 10. HP: 45/54 MP: 9/34
  1863 | D        | Learned a level 6 spell: Freezing Cloud
  1875 | D        | Reached skill level 19 in Spellcasting
  1925 | D        | Noticed an elephant
  1925 | D        | Noticed an elephant
  1925 | D        | Noticed an elephant
  1925 | D        | Noticed an elephant
  1925 | D        | Noticed an elephant
  1925 | D        | Noticed an elephant
  1937 | D        | Killed an elephant
  1939 | D        | Killed an elephant
  1939 | D        | Offered knowledge of Irradiate by Vehumet.
  2066 | D        | Killed an elephant
  2091 | D        | Killed an elephant
  2173 | D        | Killed an elephant
  2173 | D        | Reached skill level 20 in Spellcasting
  2174 | D        | Noticed a dire elephant
  2319 | D        | Demolished by a dire elephant

Illustrated notes

Levels and vault maps discovered:
D:        linesprint [early_d, line_temple, items_1, d_10, items_2, lair_1,
          lair_end, items_3, orc_1, orc_end, items_4, d_15, swamp_1, shoals_1,
          snake_1, spider_1, d_20, vaults_1, items_5, swamp_end, shoals_end,
          snake_end, spider_end, vaults_end, d_27, items_6, zot_1, zot_end,
          crypt_end, forest_end, elf_end, slime_end, tomb_end, abyss_end,
          pan_hell_end]

Skill      XL: |  1  2  3  4  5  6  7  8  9 10 |
---------------+-------------------------------+-----
Earth Magic    | 5 6 8 10 11 12 14 15 16 | 16.9
Stealth        | 3 4 5 6 |  6.2
Dodging        | 3 4 5 |  5.9
Spellcasting   | 5 8 11 12 14 16 18 20 | 20.1
Fighting       | 1 2 |  2.5
Transmutations | 2 4 5 |  5.5
Conjurations   | 1 2 |  2.5
Hexes          | 1 2 3 |  3.1
Fire Magic     | 1 |  1.9
Armour         | 1 2 |  2.4

Action                   |  1- 3 |  4- 6 |  7- 9 | 10-12 || total
-------------------------+-------+-------+-------+-------++-------
Melee: Rapier            |     1 |     1 |       |     4 ||     6
 Cast: Sandblast         |    24 |     9 |       |       ||    33
       Stone Arrow       |       |     1 |    14 |     9 ||    24
       Petrify           |       |       |     9 |     5 ||    14
       Lee's Rapid Decon |       |       |    23 |    21 ||    44
       Inner Flame       |       |       |     3 |     1 ||     4
  Use: Potion            |     3 |     6 |       |       ||     9
Armor: Robe              |     2 |     2 |       |       ||     4
       Leather armour    |       |       |       |     4 ||     4
Dodge: Dodged            |    23 |    13 |     5 |     8 ||    49

Table legend: (Time is in decaauts)
 A = Elapsed time spent in this place.
 B = Non-inter-level travel time spent in this place.
 C = Inter-level travel time spent in this place.
 D = Time resting spent in this place.
 E = Time spent auto-exploring this place.
 F = Levels seen in this place.
 G = Mean time per level.
                   A        B        C        D        E       F      G
               +--------+--------+--------+--------+--------+-----+--------+
         Total |   2326 |   2326 |      0 |   1683 |    101 |   1 | 2326.0 |
       Dungeon |   2326 |   2326 |      0 |   1683 |    101 |   1 | 2326.0 |
               +--------+--------+--------+--------+--------+-----+--------+

Top non-repeatable levels by time:
       D: 2326 daAuts
